 Dungeon Crawl Stone Soup version 0.24.1-8-ga250c9d538 (webtiles) character file.

Game seed: 5180037132700889454, levelgen mode: deterministic

450 Peloso the Shield-Bearer (level 6, -1/48 HPs)
             Began as a Demonspawn Fighter on May 8, 2020.
             Killed by divine providence
             ... invoked by an orc priest
              (16 damage)
             ... on level 4 of the Dungeon.
             The game lasted 00:05:44 (3127 turns).

Peloso the Shield-Bearer (Demonspawn Fighter)       Turns: 3127, Time: 00:05:44

Health: -1/48      AC: 13    Str: 18    XL:     6   Next: 74%
Magic:  6/6        EV:  6    Int: 10    God:
Gold:   241        SH:  0    Dex: 12    Spells: 5/5 levels left

rFire    + . .     SeeInvis .   a - +0 long sword
rCold    . . .     Gourm    .   c - +0 shield
rNeg     . . .     Faith    .   h - +0 chain mail
rPois    +         Spirit   .   o - +2 helmet
rElec    .         Reflect  .   (no cloak)
rCorr    .         Harm     .   v - +0 pair of gloves
MR       .....                  (no boots)
Stlth    ..........             (no amulet)
HPRegen  0.16/turn              j - ring of poison resistance
MPRegen  0.10/turn              (no ring)

@: confused, slowed, very slow
A: fire resistance 1, spiny 1, sturdy frame 1
a: no special abilities


You were on level 4 of the Dungeon.
You were not hungry.

You visited 1 branch of the dungeon, and saw 4 of its levels.

You collected 241 gold pieces.

Inventory:

Hand Weapons
 a - a +0 long sword (weapon)
Armour
 b - a +0 scale mail
 c - a +0 shield (worn)
 h - a +0 chain mail (worn)
 o - a +2 helmet (worn)
 v - a +0 pair of gloves (worn)
Jewellery
 j - a ring of poison resistance (left hand)
Wands
 n - a wand of scattershot (4)
 q - a wand of flame (27)
Scrolls
 e - 2 scrolls of fog {unknown}
 i - 7 scrolls of identify {unknown}
 k - a scroll of blinking {unknown}
 l - a scroll of enchant armour {unknown}
 r - 2 scrolls of fear {unknown}
 u - a scroll of magic mapping {unknown}
 x - a scroll of remove curse {unknown}
Potions
 d - a potion of might
 g - 2 potions of berserk rage {unknown}
 m - 2 potions of haste {unknown}
 p - 5 potions of brilliance {unknown}
 s - 2 potions of curing {unknown}
 t - a potion of degeneration {unknown}
 w - a potion of heal wounds {unknown}
 z - a potion of lignification {unknown}
 A - a potion of magic {unknown}
 B - a potion of mutation {unknown}
Comestibles
 f - 10 rations


   Skills:
 + Level 3.7 Fighting
 + Level 4.1 Long Blades
 + Level 4.0 Armour
 + Level 1.1 Dodging
 + Level 4.2 Shields
 + Level 0.1 Evocations


You had 5 spell levels left.
You didn't know any spells.
Your spell library was empty.

Dungeon Overview and Level Annotations

Branches:
Dungeon (4/15)
 Temple: D:4-7

Altars:
Yredelemnul

Shops:
D:4 }


Innate Abilities, Weirdness & Mutations

Your flesh is heat resistant. (rF+)
You are partially covered in sharp spines.
Your movements are slightly less encumbered by armour. (ER -2)


Message History

You're too confused to move!
Something hits you but does no damage.
You hear some strange, mumbled words.
A puff of flame appears from out of thin air!
The puff of flame hits something.
Reactivating autopickup.
You feel a bit more experienced.
Unknown command.
You bump into the rock wall.
A magic dart appears from out of thin air!
Deactivating autopickup; reactivate with Ctrl-A.
The magic dart hits you but does no damage.
Unknown command.
You closely miss something.
Something hits you but does no damage. x2
The orc priest mumbles some strange prayers to Beogh against you.
Beogh smites you!
Unknown command.
Something hits you but does no damage.
The orc priest calls down the wrath of Beogh upon you.
Beogh smites you!
You die...

....##............#######
....#...##...............
.......####†÷###########.
....##.##....##### o.
..................######...
<...#..#...######....<..o..
....#.##÷)## #..?.....
####....)..########o#
##..............@.oo#
#..#.>.....##########
...........# ...#########
..## ###


You could see an orc priest and 2 orcs.

Vanquished Creatures
  Grinder (D:4)
  An orc priest (D:4)
  Jessica (D:2)
  Natasha (D:4)
  A worker ant (D:4)
  6 adders
  A worm (D:4)
  A dart slug (D:1)
  3 leopard geckos
  2 orcs (D:4)
  A giant cockroach (D:1)
  10 goblins
  9 hobgoblins
  2 jackals (D:3)
  4 quokkas
  A ball python (D:4)
  7 bats
  3 frilled lizards (D:2)
  9 kobolds
  4 rats
68 creatures vanquished.

Vanquished Creatures (others)
  An orc wizard (D:4)
1 creature vanquished.

Grand Total: 69 creatures vanquished

Notes
Turn   | Place    | Note
-------+----------+-------------------------------------------
     0 | D:1      | Peloso the Demonspawn Fighter began the quest for the Orb.
     0 | D:1      | Reached XP level 1. HP: 18/18 MP: 1/1
   200 | D:1      | Gained mutation: Your flesh is heat resistant. (rF+)
                  | [demonic ancestry]
   200 | D:1      | Reached XP level 2. HP: 9/24 MP: 2/2
   738 | D:2      | Gained mutation: You are partially covered in sharp spines.
                  | [demonic ancestry]
   738 | D:2      | Reached XP level 3. HP: 13/29 MP: 3/3
  1445 | D:2      | Reached XP level 4. HP: 27/35 MP: 4/4
  1519 | D:2      | Noticed Jessica
  1526 | D:2      | Killed Jessica
  1983 | D:3      | Found a basalt altar of Yredelemnul.
  2908 | D:4      | Found Donoiste's Gadget Shoppe.
  2937 | D:4      | Noticed Grinder
  2942 | D:4      | Paralysed by Grinder for 5 turns
  2949 | D:4      | Reached XP level 5. HP: 40/41 MP: 5/5
  2950 | D:4      | Killed Grinder
  2950 | D:4      | Reached skill level 1 in Dodging
  2950 | D:4      | Gained mutation: Your movements are slightly less
                  | encumbered by armour. (ER -2) [demonic ancestry]
  2950 | D:4      | Reached XP level 6. HP: 46/47 MP: 6/6
  3106 | D:4      | Noticed Natasha
  3117 | D:4      | Killed Natasha
  3127 | D:4      | Killed from afar by an orc priest

Levels and vault maps discovered:
D:1:      lightli_arrival_noodles, layout_basic
D:2:      minmay_inner_zag, layout_loops_ring, minmay_liquid_box, uniq_jessica
D:3:      layout_basic, nicolae_overflow_crystal_walls, first_ration
D:4:      layout_rooms, serial_shops, shop, uniq_grinder, uniq_natasha

Skill      XL: |  1  2  3  4  5  6 |
---------------+-------------------+-----
Shields        | 3 4 |  4.2
Armour         | 3 4 |  4.0
Long Blades    | 2 3 4 |  4.1
Dodging        | 1 |  1.1
Fighting       | |  3.7
Evocations     | |  0.1

Action                   |  1- 3 |  4- 6 || total
-------------------------+-------+-------++-------
Melee: Long sword        |   105 |    86 ||   191
Evoke: Wand              |       |     3 ||     3
  Eat: Chunk             |     1 |     6 ||     7
Armor: Scale mail        |    16 |       ||    16
       Chain mail        |    61 |    61 ||   122
Dodge: Dodged            |    26 |    20 ||    46
Block: Shield            |    62 |    48 ||   110
       Rpst.: Long sword |     5 |     8 ||    13
